| TOP OF THE 1ST |
|
Oklahoma City 89ers batting - Pitching for Wichita Aeros : RHP Jeff Heathcock
|
|
Pitching: RHP Jeff Heathcock
|
|
|
Batting: RHB David Green
|
0-0: Ground out 6-3 (Groundball, 6, EV 84.4 MPH)
|
|
Batting: RHB John Christensen
|
0-0: Called Strike 0-1: Ball 1-1: Called Strike 1-2: Ball 2-2: Ball 3-2: Fly out, F6 (Popup, 4S, EV 73.8 MPH)
|
|
Batting: LHB Tom O'Malley
|
0-0: Called Strike 0-1: Ball 1-1: Ball 2-1: Swinging Strike 2-2: Ball 3-2: Strikes out swinging
|
| Top of the 1st over - 0 runs, 0 hits, 0 errors, 0 left on base; Oklahoma City 0 - Wichita 0 |
| BOTTOM OF THE 1ST |
|
Wichita Aeros batting - Pitching for Oklahoma City 89ers : RHP Chris Whitt
|
|
Pitching: RHP Chris Whitt
|
|
|
Batting: LHB Omar Guerrero
|
0-0: Ball 1-0: Ball 2-0: Fly out, F7 (Flyball, 7, EV 89.4 MPH)
|
|
Batting: LHB Jesus Ramos
|
0-0: Foul Ball, location: 2F 0-1: Foul Ball, location: 2F 0-2: Ball 1-2: Ball 2-2: Ball 3-2: DOUBLE (Line Drive, 7LD, EV 103.8 MPH)
|
|
Batting: LHB Michael Barnes
|
0-0: Ball 1-0: Foul Ball, location: 2F 1-1: Called Strike Jesus Ramos steals 3rd base 1-2: Foul Ball, location: 2F 1-2: Foul Ball, location: 2F 1-2: Foul Ball, location: 2F 1-2: Ball 2-2: SINGLE (Groundball, 15S, EV 73.1 MPH) (infield hit)
|
|
Batting: LHB Glenn Gulliver
|
0-0: Fly out, F5 (Line Drive, 5, EV 72.5 MPH)
|
|
Batting: RHB Dave Hoenstine
|
0-0: Foul Ball, location: 2F 0-1: Ball 1-1: Called Strike 1-2: Ball 2-2: Ball 3-2: Strikes out swinging
|
| Bottom of the 1st over - 0 runs, 2 hits, 0 errors, 2 left on base; Oklahoma City 0 - Wichita 0 |
| TOP OF THE 2ND |
|
Oklahoma City 89ers batting - Pitching for Wichita Aeros : RHP Jeff Heathcock
|
|
Batting: RHB Glenn Braggs
|
0-0: Ball 1-0: Called Strike 1-1: Ball 2-1: Foul Ball, location: 2F 2-2: Foul Ball, location: 2F 2-2: Foul Ball, location: 2F 2-2: Reached on error, E5 (Groundball, 56S, EV 70.6 MPH)
|
|
Batting: RHB Cecil Fielder
|
0-0: Foul Ball, location: 2F 0-1: Ball 1-1: 2-RUN HOME RUN (Flyball, 7D, EV 95.0 MPH), Distance : 374 ft
|
|
Batting: RHB Nick Esasky
|
0-0: Ball 1-0: Ball 2-0: Ball 3-0: Called Strike 3-1: Foul Ball, location: 2F 3-2: Strikes out looking
|
|
Batting: RHB Joe Redfield
|
0-0: Called Strike 0-1: SINGLE (Groundball, 6MD, EV 100.0 MPH)
|
|
Batting: RHB Danny Jasso
|
0-0: Ball 1-0: DOUBLE (Flyball, 89XD, EV 92.5 MPH) Joe Redfield to third Runner from 3rd tries for Home, SAFE, throw by CF to trailing runner, SAFE at third!
|
|
Batting: RHB Ron Tingley
|
0-0: Foul Ball, location: 2F 0-1: Called Strike 0-2: Ball 1-2: SINGLE (Groundball, 34D, EV 98.1 MPH) Danny Jasso scores
|
|
Batting: RHB David Green
|
0-0: SINGLE (Line Drive, 78S, EV 108.8 MPH) Ron Tingley to second
|
|
Batting: RHB John Christensen
|
0-0: Ball 1-0: Foul Ball, location: 2F 1-1: Ball 2-1: Called Strike 2-2: Foul Ball, location: 2F 2-2: Fielders Choice at 2nd, 4-6 (Groundball, 4, EV 102.5 MPH) Ron Tingley to third
|
|
Batting: LHB Tom O'Malley
|
0-0: Called Strike 0-1: Ground out 6-3 (Groundball, 6M, EV 90.0 MPH)
|
| Top of the 2nd over - 4 runs, 5 hits, 1 error, 2 left on base; Oklahoma City 4 - Wichita 0 |
| BOTTOM OF THE 2ND |
|
Wichita Aeros batting - Pitching for Oklahoma City 89ers : RHP Chris Whitt
|
|
Batting: LHB Angel Matos
|
0-0: Ball 1-0: Foul Ball, location: 2F 1-1: Swinging Strike 1-2: Ball 2-2: Foul Ball, location: 2F 2-2: Ball 3-2: Base on Balls
|
|
Batting: RHB Gary House
|
0-0: Called Strike 0-1: Foul Ball, location: 2F 0-2: Ball 1-2: Ball 2-2: Ball 3-2: Grounds into double play, 6-4-3 (Groundball, 6, EV 98.1 MPH)
|
|
Batting: LHB James Pellack
|
0-0: Ball 1-0: Called Strike 1-1: DOUBLE (Line Drive, 89D, EV 108.1 MPH)
|
|
Batting: RHB Dave Stenhouse
|
0-0: Called Strike 0-1: Swinging Strike 0-2: Fly out, F8 (Line Drive, 8RM, EV 97.5 MPH)
|
| Bottom of the 2nd over - 0 runs, 1 hit, 0 errors, 1 left on base; Oklahoma City 4 - Wichita 0 |
| TOP OF THE 3RD |
|
Oklahoma City 89ers batting - Pitching for Wichita Aeros : RHP Jeff Heathcock
|
|
Batting: RHB Glenn Braggs
|
0-0: Swinging Strike 0-1: Ball 1-1: Fly out, F8 (Flyball, 89D, EV 106.9 MPH)
|
|
Batting: RHB Cecil Fielder
|
0-0: Foul Ball, location: 2F 0-1: Ball 1-1: Called Strike 1-2: Strikes out swinging
|
|
Batting: RHB Nick Esasky
|
0-0: Called Strike 0-1: Swinging Strike 0-2: Ball 1-2: Ground out 6-3 (Groundball, 6D, EV 101.3 MPH)
|
| Top of the 3rd over - 0 runs, 0 hits, 0 errors, 0 left on base; Oklahoma City 4 - Wichita 0 |
| BOTTOM OF THE 3RD |
|
Wichita Aeros batting - Pitching for Oklahoma City 89ers : RHP Chris Whitt
|
|
Batting: LHB Omar Guerrero
|
0-0: Called Strike 0-1: Called Strike 0-2: Ball 1-2: Ball 2-2: Fly out, F7 (Flyball, 78M, EV 78.8 MPH)
|
|
Batting: LHB Jesus Ramos
|
0-0: Called Strike 0-1: Ball 1-1: SINGLE (Line Drive, 7S, EV 94.4 MPH)
|
|
Batting: LHB Michael Barnes
|
0-0: Called Strike 0-1: Ball 1-1: Grounds into double play, 5-4-3 (Groundball, 5, EV 80.6 MPH)
|
| Bottom of the 3rd over - 0 runs, 1 hit, 0 errors, 0 left on base; Oklahoma City 4 - Wichita 0 |
| TOP OF THE 4TH |
|
Oklahoma City 89ers batting - Pitching for Wichita Aeros : RHP Jeff Heathcock
|
|
Batting: RHB Joe Redfield
|
0-0: Ball 1-0: Swinging Strike 1-1: Ball 2-1: Ball 3-1: Called Strike 3-2: Foul Ball, location: 2F 3-2: TRIPLE (Flyball, 89XD, EV 93.8 MPH)
|
|
Batting: RHB Danny Jasso
|
0-0: Ball 1-0: Foul Ball, location: 2F 1-1: Foul Ball, location: 2F 1-2: Foul Ball, location: 2F 1-2: Fly out, F8 (Flyball, 8RM, EV 85.0 MPH)
|
|
Batting: RHB Ron Tingley
|
0-0: Ball 1-0: Ball 2-0: Called Strike 2-1: Swinging Strike 2-2: Strikes out swinging
|
|
Batting: RHB David Green
|
0-0: Called Strike 0-1: Foul Ball, location: 2F 0-2: Ground out U3 (Groundball, 3, EV 89.4 MPH)
|
| Top of the 4th over - 0 runs, 1 hit, 0 errors, 1 left on base; Oklahoma City 4 - Wichita 0 |
| BOTTOM OF THE 4TH |
|
Wichita Aeros batting - Pitching for Oklahoma City 89ers : RHP Chris Whitt
|
|
Batting: LHB Glenn Gulliver
|
0-0: Fly out, F8 (Flyball, 78D, EV 96.9 MPH)
|
|
Batting: RHB Dave Hoenstine
|
0-0: Called Strike 0-1: Ball 1-1: Ball 2-1: Swinging Strike 2-2: Ball 3-2: Foul Ball, location: 2F 3-2: Foul Ball, location: 2F 3-2: Foul Ball, location: 2F 3-2: Reached on error, E6 (Groundball, 6, EV 109.4 MPH)
|
|
Batting: LHB Angel Matos
|
0-0: Swinging Strike 0-1: Ball 1-1: SINGLE (Line Drive, 8RS, EV 91.9 MPH) Dave Hoenstine to second Runner from 2nd tries for 3rd, SAFE, no throw by CF
|
|
Batting: RHB Gary House
|
0-0: Ball 1-0: Ball 2-0: Called Strike 2-1: Ball 3-1: Base on Balls Angel Matos to second
|
|
Batting: LHB James Pellack
|
0-0: Called Strike 0-1: Ball 1-1: Ball 2-1: Foul Ball, location: 2F 2-2: Ball 3-2: Foul Ball, location: 2F 3-2: Foul Ball, location: 2F 3-2: Grounds into fielders choice 4-2 (Groundball, 4S, EV 82.5 MPH) Angel Matos to third Gary House to second
|
|
Batting: RHB Dave Stenhouse
|
0-0: Fielders Choice at 2nd, 6-4 (Groundball, 6, EV 85.6 MPH)
|
| Bottom of the 4th over - 0 runs, 1 hit, 1 error, 3 left on base; Oklahoma City 4 - Wichita 0 |
| TOP OF THE 5TH |
|
Oklahoma City 89ers batting - Pitching for Wichita Aeros : RHP Jeff Heathcock
|
|
Batting: RHB John Christensen
|
0-0: SINGLE (Groundball, 56S, EV 71.9 MPH) (infield hit)
|
|
Batting: LHB Tom O'Malley
|
0-0: Ball 1-0: Grounds into double play, 5-4-3 (Groundball, 56, EV 89.4 MPH)
|
|
Batting: RHB Glenn Braggs
|
0-0: Called Strike 0-1: Ball 1-1: Foul Ball, location: 2F 1-2: Strikes out swinging
|
| Top of the 5th over - 0 runs, 1 hit, 0 errors, 0 left on base; Oklahoma City 4 - Wichita 0 |
| BOTTOM OF THE 5TH |
|
Wichita Aeros batting - Pitching for Oklahoma City 89ers : RHP Chris Whitt
|
|
Batting: LHB Omar Guerrero
|
0-0: Ball 1-0: Called Strike 1-1: Foul Ball, location: 2F 1-2: SINGLE (Flyball, 8LS, EV 86.9 MPH)
|
|
Batting: LHB Jesus Ramos
|
0-0: Sac Bunt to 2R - play at first, batter OUT! 2-3 Omar Guerrero to second
|
|
Batting: LHB Michael Barnes
|
0-0: Ball 1-0: Ground out 4-3 (Groundball, 4, EV 83.1 MPH) Omar Guerrero to third
|
|
Batting: LHB Glenn Gulliver
|
0-0: Called Strike 0-1: Ball 1-1: Ball 2-1: Called Strike 2-2: Foul Ball, location: 2F 2-2: SINGLE (Groundball, 6S, EV 68.1 MPH) (infield hit) Omar Guerrero scores
|
|
Batting: RHB Dave Hoenstine
|
0-0: Ball Glenn Gulliver steals 2nd base 1-0: Ball 2-0: Fly out, F3 (Line Drive, 3, EV 68.8 MPH)
|
| Bottom of the 5th over - 1 run, 2 hits, 0 errors, 1 left on base; Oklahoma City 4 - Wichita 1 |
| TOP OF THE 6TH |
|
Oklahoma City 89ers batting - Pitching for Wichita Aeros : RHP Jeff Heathcock
|
|
Batting: RHB Cecil Fielder
|
0-0: Foul Ball, location: 2F 0-1: Ball 1-1: Ball 2-1: Swinging Strike 2-2: Fly out, F8 (Flyball, 89M, EV 78.8 MPH)
|
|
Batting: RHB Nick Esasky
|
0-0: Called Strike 0-1: Foul Ball, location: 2F 0-2: Ball 1-2: Strikes out swinging
|
|
Batting: RHB Joe Redfield
|
0-0: Called Strike 0-1: Ball 1-1: Swinging Strike 1-2: Foul Ball, location: 2F 1-2: Foul Ball, location: 2F 1-2: Ball 2-2: Fly out, F7 (Line Drive, 7, EV 91.3 MPH)
|
| Top of the 6th over - 0 runs, 0 hits, 0 errors, 0 left on base; Oklahoma City 4 - Wichita 1 |
| BOTTOM OF THE 6TH |
|
Wichita Aeros batting - Pitching for Oklahoma City 89ers : RHP Chris Whitt
|
|
Batting: LHB Angel Matos
|
0-0: Fly out, F9 (Flyball, 89S, EV 91.3 MPH)
|
|
Batting: RHB Gary House
|
0-0: Ball 1-0: Fly out, F7 (Flyball, 7S, EV 89.4 MPH)
|
|
Batting: LHB James Pellack
|
0-0: Fly out, F5 (Popup, 5L, EV 75.6 MPH)
|
| Bottom of the 6th over - 0 runs, 0 hits, 0 errors, 0 left on base; Oklahoma City 4 - Wichita 1 |
| TOP OF THE 7TH |
|
Oklahoma City 89ers batting - Pitching for Wichita Aeros : RHP Jeff Heathcock
|
|
Batting: RHB Danny Jasso
|
0-0: Fly out, F8 (Flyball, 8LD, EV 91.9 MPH)
|
|
Batting: RHB Ron Tingley
|
0-0: Ball 1-0: Ball 2-0: Called Strike 2-1: Ball 3-1: Ground out U3 (Groundball, 34S, EV 85.0 MPH)
|
|
Batting: RHB David Green
|
0-0: SOLO HOME RUN (Flyball, 7D, EV 101.9 MPH), Distance : 370 ft
|
|
Batting: RHB John Christensen
|
0-0: Ball 1-0: Fly out, F3 (Popup, 23F, EV 80.0 MPH)
|
| Top of the 7th over - 1 run, 1 hit, 0 errors, 0 left on base; Oklahoma City 5 - Wichita 1 |
| BOTTOM OF THE 7TH |
|
Wichita Aeros batting - Pitching for Oklahoma City 89ers : RHP Chris Whitt
|
|
Batting: RHB Dave Stenhouse
|
0-0: Called Strike 0-1: Ball 1-1: Ball 2-1: Foul Ball, location: 2F 2-2: SINGLE (Groundball, 6D, EV 100.0 MPH)
|
|
Batting: LHB Omar Guerrero
|
0-0: Ball 1-0: Bunted foul 1-1: Sac Bunt to 3S - play at first, batter OUT! 3-1 Dave Stenhouse to second
|
|
Batting: LHB Jesus Ramos
|
0-0: Ball 1-0: Ground out 3-1 (Groundball, 34, EV 104.4 MPH) Dave Stenhouse to third
|
|
Batting: LHB Michael Barnes
|
0-0: Ball 1-0: Swinging Strike 1-1: Ball 2-1: Foul Ball, location: 2F 2-2: Foul Ball, location: 2F 2-2: Ball 3-2: Strikes out swinging
|
| Bottom of the 7th over - 0 runs, 1 hit, 0 errors, 1 left on base; Oklahoma City 5 - Wichita 1 |
| TOP OF THE 8TH |
|
Oklahoma City 89ers batting - Pitching for Wichita Aeros : RHP Jeff Heathcock
|
|
Pitching: RHP Steve Crawford
|
|
|
Batting: LHB Tom O'Malley
|
0-0: Ball 1-0: Swinging Strike 1-1: Ball 2-1: Fly out, F5 (Flyball, 56D, EV 96.3 MPH)
|
|
Batting: RHB Glenn Braggs
|
0-0: Ball 1-0: DOUBLE (Popup, 4MD, EV 68.1 MPH)
|
|
Batting: RHB Cecil Fielder
|
0-0: Intentional Walk
|
|
Batting: RHB Nick Esasky
|
0-0: Called Strike 0-1: Ball 1-1: Called Strike 1-2: Ball 2-2: Grounds into double play, 5-4-3 (Groundball, 56, EV 110.0 MPH)
|
| Top of the 8th over - 0 runs, 1 hit, 0 errors, 1 left on base; Oklahoma City 5 - Wichita 1 |
| BOTTOM OF THE 8TH |
|
Wichita Aeros batting - Pitching for Oklahoma City 89ers : RHP Chris Whitt
|
|
Batting: LHB Glenn Gulliver
|
0-0: Ball 1-0: Foul Ball, location: 2F 1-1: SINGLE (Groundball, 4MD, EV 100.6 MPH)
|
|
Batting: RHB Dave Hoenstine
|
0-0: Ball 1-0: Fly out, F7 (Line Drive, 7, EV 91.9 MPH)
|
|
Batting: LHB Angel Matos
|
0-0: Ball 1-0: Called Strike 1-1: Grounds into double play, 4-6-3 (Groundball, 4M, EV 103.1 MPH)
|
| Bottom of the 8th over - 0 runs, 1 hit, 0 errors, 0 left on base; Oklahoma City 5 - Wichita 1 |
| TOP OF THE 9TH |
|
Oklahoma City 89ers batting - Pitching for Wichita Aeros : RHP Steve Crawford
|
|
Batting: RHB Joe Redfield
|
0-0: Ball 1-0: Swinging Strike 1-1: Ball 2-1: Swinging Strike 2-2: Foul Ball, location: 2F 2-2: Strikes out swinging
|
|
Batting: RHB Danny Jasso
|
0-0: Called Strike 0-1: Ball 1-1: Ball 2-1: SINGLE (Flyball, 56D, EV 97.5 MPH)
|
|
Batting: RHB Ron Tingley
|
0-0: Ball Danny Jasso steals 2nd base 1-0: Ball 2-0: Called Strike 2-1: Ball 3-1: Called Strike 3-2: Strikes out looking
|
|
Batting: RHB David Green
|
0-0: 2-RUN HOME RUN (Flyball, 7D, EV 98.8 MPH), Distance : 379 ft
|
|
Batting: RHB John Christensen
|
0-0: Ball 1-0: Called Strike 1-1: Swinging Strike 1-2: Ball 2-2: Fly out, F2 (Popup, 23F, EV 80.0 MPH)
|
| Top of the 9th over - 2 runs, 2 hits, 0 errors, 0 left on base; Oklahoma City 7 - Wichita 1 |
| BOTTOM OF THE 9TH |
|
Wichita Aeros batting - Pitching for Oklahoma City 89ers : RHP Chris Whitt
|
|
Batting: RHB Gary House
|
0-0: Called Strike 0-1: Ball 1-1: Ball 2-1: Called Strike 2-2: Foul Ball, location: 2F 2-2: Ball 3-2: Base on Balls
|
|
Pitching: RHP Kyle Hutchinson
|
|
|
Batting: LHB James Pellack
|
0-0: Ball 1-0: Swinging Strike 1-1: SINGLE (Groundball, 4D, EV 94.4 MPH) Gary House to second
|
|
Batting: RHB Dave Stenhouse
|
0-0: Ball 1-0: Ball 2-0: Ball 3-0: Foul Ball, location: 2F 3-1: Base on Balls Gary House to third James Pellack to second
|
|
Batting: LHB Omar Guerrero
|
0-0: Fly out, F7 (Flyball, 7S, EV 81.3 MPH)
|
|
Batting: LHB Jesus Ramos
|
0-0: Ball 1-0: Ball 2-0: Fielders Choice at 2nd, 4-6 (Groundball, 4D, EV 95.6 MPH) Gary House scores James Pellack to third
|
|
Batting: LHB Michael Barnes
|
0-0: Called Strike 0-1: Ball 1-1: Foul Ball, location: 2F 1-2: Ball 2-2: Ball 3-2: SINGLE (Groundball, 56D, EV 95.6 MPH) James Pellack scores Jesus Ramos to second Jesus Ramos to third
|
|
Pitching: RHP Ernie Camacho
|
|
|
Batting: LHB Glenn Gulliver
|
0-0: Ball 1-0: Called Strike 1-1: Foul Ball, location: 2F 1-2: Ball 2-2: Strikes out swinging
|
| Bottom of the 9th over - 2 runs, 2 hits, 0 errors, 2 left on base; Oklahoma City 7 - Wichita 3 |
|